[Event "Tata Steel Chess Masters 2023"]
[Site "Chess.com"]
[Date "2023.01.19"]
[Round "5"]
[White "Carlsen, Magnus"]
[Black "Abdusattorov, Nodirbek"]
[Result "0-1"]
[WhiteElo "2859"]
[BlackElo "2713"]
[ECO "A34"]
[EventDate "2023.??.??"]
[Annotator "rafael"]
[PlyCount "120"]
[Beauty "6392048002079"]
[EventType "schev"]
[EventRounds "4"]
[TimeControl "6000+30"]

1.c4 c5 2.Nf3 Nf6 3.Nc3 Nc6 4.e3 e5 {One of the most critical moves, but Black has other popular options.} ( 4...e6 ) ( 4...g6 ) ( 4...d5 ) 5.Be2 ( 5.d4 {is the most popular move, and Magnus had played it before.} 5...e4 ( 5...cxd4 6.exd4 e4 7.Ne5 Bb4 {was played in the recent high-profile game Erigaisi-Maghsoodloo, Tata Steel India (blitz) 2022.} ) 6.d5 $5 exf3 7.dxc6 fxg2 8.cxd7+ Bxd7 9.Bxg2 g6 {and the game was later drawn in Carlsen-Vachier-Lagrave, Baden-Baden 2018.} ) 5...d5 6.cxd5 ( 6.d4 {After this move, we get a transposition to a position that can occur from a different move order.} 6...exd4 7.exd4 {I remember studying this position a long time ago before a game against GM Rublevsky. But my study came from a different move order: 1.e4 c5 2.Nf3 e6 3.c4 Nc6 4.Nc3 Nf6 5.Be2 d5 6.exd5 exd5 7.d4. This is a well-known position, played in hundreds of games.} ) 6...Nxd5 7.O-O {The game begins to drift away from the paths already trodden. But Magnus still had experiences here.} 7...Be7 ( 7...Nc7 {was played by Grischuk against Carlsen in an online blitz game in 2017.} ) 8.Bb5 {Threatening to win the e5-pawn, which can even be sacrificed after 8...0-0, but Abdusattorov prefers to play solidly.} 8...Nxc3 ( 8...O-O $5 9.Bxc6 bxc6 10.Nxe5 Bd6 {with compensation for the pawn.} ) 9.bxc3 ( 9.dxc3 Qxd1 10.Rxd1 f6 11.e4 Be6 {was equal in Carlsen-Vachier-Lagrave, Riyadh (blitz) 2017.} ) 9...Qc7 10.d4 cxd4 11.cxd4 exd4 12.Nxd4 Bd7 {A new move.} ( 12...O-O {was played in the only previous game in this position.} 13.Qc2 ( 13.Bb2 {is the best way to fight for a small advantage.} ) 13...Bd6 14.Bxc6 bxc6 15.h3 Bd7 {with an equal position in Vakhidov-Sjugirov, Abu Dhabi 2015.} ) 13.Nf3 {This somewhat strange move is intended to avoid exchanging knights and keep some life in the position. After the most natural} ( 13.Bb2 {the game is close to a draw:} 13...Nxd4 14.Bxd7+ Qxd7 15.Bxd4 O-O ) 13...Bf6 ( 13...O-O {is also possible. White has nothing special after} 14.Bb2 Rfd8 ) 14.Ba3 $5 {[%c_effect a3;square;a3;type;Interesting;persistent;true] A very brave move, changing the character of the game. White sacrifices the exchange to force Black into castling queenside. Objectively he creates more problems than solutions for White, who now has to play very precisely and doesn't have much hope of an advantage. But I understand that Carlsen wanted to complicate the game and that the most normal move doesn't give chances to win.} ( 14.Rb1 O-O 15.Bb2 Bxb2 {The most solid.} ( 15...Bf5 {is also possible, but here White has compensation for the exchange after} 16.Bxf6 Bxb1 17.Bxg7 $1 Kxg7 18.Qxb1 ) 16.Rxb2 Ne5 {with simplifications and a likely draw.} ) 14...Bxa1 {Accepting the gift.} ( 14...Qa5 $5 {[%c_effect a5;square;a5;type;Interesting;persistent;true] is also possible.} ) 15.Qxa1 O-O-O {Black has no choice; the king must go to the queenside. Now White can try to exploit the c-file to create attacking chances, but it's not enough for an advantage.} 16.Rc1 ( 16.Qxg7 $2 {[%c_effect g7;square;g7;type;Mistake;persistent;true] is too optimistic.} 16...Rhg8 17.Qxh7 ( 17.Qxf7 $2 Rxg2+ $1 18.Kxg2 Bh3+ {winning the queen.} ) 17...Qa5 $1 {[%c_effect a5;square;a5;type;GreatFind;persistent;true] and now White is forced to capture on c6, and this gives Black a winning position.} ) 16...Kb8 ( 16...f6 {This is a natural move, avoiding the capture of the g7-pawn. After} 17.Nd4 Kb8 {White has compensation for the exchange but not more.} ) 17.Qxg7 Rhg8 18.Qb2 $6 {[%c_effect b2;square;b2;type;Inaccuracy;persistent;true] After this move, Black grabs the initiative.} ( 18.Qxh7 $1 {[%c_effect h7;square;h7;type;GreatFind;persistent;true] is correct, although White must be ready to part with the h2-pawn.} 18...Bg4 19.Be2 Rh8 20.Qc2 Bxf3 21.Bxf3 Qxh2+ 22.Kf1 Rc8 23.Qb2 {White has a pawn and the pair of bishops for the exchange. His king is relatively safe. The computer, as usual, evaluates the position as even.} ) 18...Bg4 $1 19.Ne1 ( 19.Nd2 {During the live broadcast, I suggested this move, although it's clear that something has gone wrong.} ) ( 19.Be2 {This move defends the knight but removes the attack on c6.} ) 19...Rd1 $1 {[%c_effect d1;square;d1;type;GreatFind;persistent;true] An excellent move. If you are an exchange up, trading your opponent's remaining rook is usually a good strategy.} 20.Rxd1 Bxd1 21.Bf1 Ne5 22.h3 Bf3 $6 {[%c_effect f3;square;f3;type;Inaccuracy;persistent;true] Not the most accurate.} ( 22...Nc4 {is a very natural try. After} 23.Qd4 Nxa3 24.Qxd1 Nc4 {Black has the advantage, but White has drawing chances.} ) ( 22...Bh5 $5 {[%c_effect h5;square;h5;type;Interesting;persistent;true] Taking the bishop off its odd square and moving it to g6 is a good alternative.} ) 23.Qd4 ( 23.Qb1 $1 {[%c_effect b1;square;b1;type;GreatFind;persistent;true] is a good try. After} 23...Bd5 ( 23...Rg6 24.Qb4 $1 ) 24.Qxh7 Rd8 25.Bb2 {The position is totally unclear. White will try to push the h-pawn, and anything can happen.} ) 23...Rd8 24.Qh4 Bd5 25.Qxh7 Bc4 {A solid move, exchanging bishops and creating space for a queen invasion.} ( 25...Bxa2 26.Bb2 {again leads to an unclear position. Objectively Black should be better, but the h-pawn, supported by the b2-bishop, will be a constant headache.} ) 26.Bb2 Bxf1 27.Kxf1 Qc4+ 28.Kg1 Nc6 ( 28...f6 $5 {[%c_effect f6;square;f6;type;Interesting;persistent;true] is an interesting move that creates big practical problems for White.} 29.Bd4 $1 ( 29.Qe7 $6 Rd1 $1 30.Bxe5+ fxe5 31.Qxe5+ Qc7 32.Qh8+ Qc8 33.Qxc8+ Kxc8 34.Kf1 Ra1 {The endgame is winning for Black.} ) 29...Qe2 30.Qb1 {with some advantage for Black.} ) 29.Nf3 Qxa2 30.Bf6 Rd1+ 31.Kh2 a5 {The position becomes very sharp. A possible race begins between the a-pawn and the h-pawn.} 32.Nd4 ( 32.h4 $1 {[%c_effect h4;square;h4;type;GreatFind;persistent;true] is the critical move.} 32...Qxf2 33.Qe4 $1 {[%c_effect e4;square;e4;type;GreatFind;persistent;true] Centralizing the queen and preparing the pawn to advance.} ( 33.Qxf7 Qxe3 34.Bg5 {is also possible.} ) 33...Qf1 {Avoiding 34.h5 because of the check on h1. The position remains unclear.} ) 32...Qd5 {A good move, bringing the queen to both defense and attack.} 33.Qc2 $6 ( 33.Qg7 $1 {[%c_effect g7;square;g7;type;GreatFind;persistent;true] This difficult move, protecting d4 and clearing the path of the h-pawn, is the best. The computer evaluates the position as equal.} ) 33...Qd6+ 34.f4 ( 34.g3 $2 Qxf6 35.Qxd1 ( 35.Nxc6+ bxc6 36.Qxd1 Qxf2+ 37.Kh1 Qxg3 ) 35...Nxd4 36.exd4 Qxf2+ 37.Kh1 Qxg3 {with a winning endgame for Black.} ) 34...Rxd4 $1 35.Bxd4 Nxd4 36.exd4 Qxf4+ 37.g3 Qxd4 {Now just two outcomes are possible: either a draw or a Black win. The former seemed far more likely at this point, judging by the world champion's renowned endgame technique.} 38.h4 a4 39.Qa2 $1 {[%c_effect a2;square;a2;type;GreatFind;persistent;true] A precise move.} ( 39.h5 Qe5 $1 {[%c_effect e5;square;e5;type;GreatFind;persistent;true] gives Black good winning chances.} ) 39...f5 ( 39...Qb4 {is not enough for a win.} 40.Qxf7 a3 41.Qd5 $1 Qb2+ 42.Kh3 a2 43.Qd8+ Ka7 44.Qa5+ {with perpetual check.} ) 40.h5 Qh8 41.Qxa4 ( 41.Qf7 $5 {[%c_effect f7;square;f7;type;Interesting;persistent;true] is a draw, according to the computer.} 41...a3 42.Qxf5 ( 42.Kh3 {is also enough.} 42...a2 43.Qxa2 Qxh5+ 44.Kg2 {White is able to reach a draw in this endgame.} ) 42...Qb2+ 43.Kh3 a2 44.Qf8+ Ka7 45.Qc5+ {The computer indicates a draw after all the most accurate checks. Of course, this looks scary for White during an actual game.} ) 41...Qxh5+ {With seven pieces on the board, I can finally use the tablebase, the tool that saves all commentators from being embarrassed by their analysis. To be honest, nowhere is this tool as useful as it is in a queen endgame, the hardest type of endgame in chess. These endings are so difficult that the variations are often almost unintelligible: you simply need to check in the right square, something only the computer can do. For that reason, I apologize in advance to the reader for not trying to explain the unexplainable in some lines.} 42.Kg1 Qf3 43.Kh2 $2 {[%c_effect h2;square;h2;type;Mistake;persistent;true] This is a losing move.} ( 43.Qe8+ {Only this move is a draw, according to the tablebase.} 43...Kc7 44.Qe5+ Kb6 45.Qd6+ ) 43...Qe2+ 44.Kg1 Qe5 $1 {[%c_effect e5;square;e5;type;GreatFind;persistent;true] An excellent move, centralizing the queen and avoiding White's checks. Abdusattorov shows great endgame technique to convert his advantage.} 45.Kf2 b5 46.Qb4 Kb7 47.g4 fxg4 48.Qxg4 Kb6 {One of the peculiarities of queen and pawn vs. queen endings is the positioning of the king of the defending side. Contrary to conventional logic, it's often best to have the king far away. For example, if you put this position in the tablebase with White's king on h7, you see that the endgame is a draw. This exercise, by the way, can be repeated in other positions: try putting the white king on different squares and see if that changes the evaluation. What's the logic of that, why a king on a farther square might be better $2 In queen endgames, checks are often enough to draw even with the opponent's pawn very advanced. For this to work, it's important that the check is not answered with another check; for this, it's important that the king is far away.} 49.Qg8 b4 50.Kf3 Kb5 {If it were on h7, White would have an \"easy\" draw.} 51.Kg2 Qe2+ 52.Kg3 Qe3+ 53.Kg2 b3 54.Qb8+ Kc4 55.Qg8+ Kc3 56.Qc8+ Kd2 {The win is easy now.} 57.Qh8 Kc2 58.Qc8+ Kd1 59.Qh8 Qd2+ 60.Kg3 b2 {A fantastic victory for the young Abdusattorov, proving once again that his name will be a constant presence in the chess elite for many years to come.} ( 60...b2 61.Qh7 ( 61.Qh1+ Qe1+ ) 61...Qc3+ 62.Kh4 ( 62.Kf2 Qc2+ ) 62...Qb4+ {and Black queens.} ) 0-1

[Event "Tata Steel Chess Masters 2023"]
[Site "Chess.com"]
[Date "2023.01.20"]
[Round "6"]
[White "Caruana, Fabiano"]
[Black "Gukesh, D."]
[Result "1-0"]
[WhiteElo "2766"]
[BlackElo "2725"]
[ECO "D38"]
[EventDate "2023.??.??"]
[Annotator "Rafael Leitao"]
[PlyCount "71"]
[Beauty "7973606785545"]
[EventType "schev"]
[EventRounds "4"]
[TimeControl "6000+30"]

1.d4 Nf6 2.c4 e6 3.Nf3 d5 4.Nc3 Bb4 {The Ragozin Defense always makes its appearance in elite tournaments.} 5.Qa4+ {This was my favorite move when I faced the Ragozin. The idea is to bring the black knight to c6, where it is well known that it is not well placed, in front of the c-pawn, in positions with this structure.} 5...Nc6 6.e3 O-O 7.Qc2 ( 7.a3 {One of the great treasures of my chess career was the chance I had to play and analyze with World Champion Anatoly Karpov over two afternoons in 2006. On one of them, we were analyzing this position and he asked me why not play 7.a3 right away, an idea I used three years later. I won that game, even if not because of the opening. Leitao-Lafuente, Mar del Plata 2009.} ) 7...Ne7 {As I wrote before, Black's knight is not well on c6 and making sense of this piece is critical for Black. Many try this by setting up the e5-break, either with 7...Re8 or capturing on c4 and then removing the bishop to d6. Others ignore this problem for the time being and develop the queenside with 7...b6. 7...Ne7 is a bit more difficult to explain, but I think the idea is to also play with b6, but having the option to capture with the knight on d5 or simply not leave the knight unprotected on c6. If that doesn't sound very convincing, it's because I really don't understand this move well enough.} ( 7...Re8 ) ( 7...dxc4 8.Bxc4 Bd6 ) 8.Bd2 b6 9.a3 Bxc3 10.Bxc3 Ba6 $6 {[%c_effect a6;square;a6;type;Inaccuracy;persistent;true] This move is superficial and it's strange that Gukesh gets in trouble so quickly in one of the most important lines of the Ragozin—something went terribly wrong in his preparation.} ( 10...a5 {is more interesting because Black might try to play …a4 at some point.} 11.cxd5 ( 11.b3 Ba6 12.Nd2 a4 $5 {[%c_effect a4;square;a4;type;Interesting;persistent;true] was Sevian-Bok, FIDE World Cup 2021.} ) 11...exd5 12.Bd3 Ba6 {with a slight advantage for White in Iniyan-Pichot, Tashkent 2022.} ) 11.b3 Rc8 12.Rd1 {A new move.} ( 12.Bd3 {also gives an advantage to White and was played in Grachev-Bluebaum, Moscow 2016.} ) 12...c5 $2 {[%c_effect c5;square;c5;type;Mistake;persistent;true] Opening that diagonal for the white bishop with the knight still on f6 is almost suicide.} ( 12...Ne4 {is a better option.} 13.Bb2 c5 14.Bd3 f5 ) 13.dxc5 Rxc5 $6 ( 13...Ne4 $1 {[%c_effect e4;square;e4;type;GreatFind;persistent;true] Is a better chance to complicate the game.} 14.cxd5 ( 14.Ba1 $5 {[%c_effect a1;square;a1;type;Interesting;persistent;true] Maybe this simple move is the best option.} 14...Nxc5 15.Qb1 {With a clear advantage due to the bishop pair and Black's awkward pieces.} ) 14...Nxc3 15.Bxa6 Nxd1 16.Bxc8 Nxe3 $1 17.fxe3 Qxc8 18.d6 Nf5 19.c6 Nxd6 20.O-O {And White has some advantage due to the passed c6-pawn, but it's not so much.} ) 14.Qb2 $1 {[%c_effect b2;square;b2;type;GreatFind;persistent;true] After this accurate move, Black is completely lost. White has many tactical themes with the diagonals, pins, and the exposed rook on c5.} 14...Qc8 ( 14...Ne8 {This is the option not to lose material, but it's a move you play while tears come out of your eyes.} ) 15.Bxf6 gxf6 16.Qxf6 Ng6 17.h4 $1 {[%c_effect h4;square;h4;type;GreatFind;persistent;true] Caruana not only has an extra pawn, but he also has a strong attack on the dark squares.} 17...dxc4 18.h5 Rf5 19.Qc3 Ne7 20.bxc4 {White has many tempting moves and Caruana's choice is good enough, but not the most incisive.} ( 20.Rh4 $5 f6 {Forced, as 21.Rg4+ was threatened.} 21.e4 Rc5 22.b4 $1 Rc7 23.Rg4+ Kh8 24.Rf4 {With a dream position. A nice line follows:} 24...e5 25.Nxe5 $1 fxe5 26.Qxe5+ Kg8 27.Rxf8+ Kxf8 28.Qf6+ Kg8 29.h6 Nc6 30.Rd5 Rf7 {Black defends with only moves, but now comes a beautiful finish.} 31.Bxc4 $3 Rxf6 ( 31...Bxc4 32.Rg5+ Kf8 33.Qh8+ Ke7 34.Qxc8 {winning the queen.} ) 32.Rd8# {The most beautiful mates are those in which all pieces participate, as is the case here.} ) ( 20.e4 {is probably the simplest way to win.} 20...Rf4 21.Qe5 ( 21.Qe3 {is also good.} 21...Qc7 22.g3 Rg4 23.Bh3 Rg7 24.h6 Rg6 25.Nh4 {winning the exchange.} ) 21...Rg4 22.Rh4 $1 Rg7 ( 22...Rxh4 23.Qg5+ Kh8 24.Qf6+ Kg8 25.Nxh4 {Followed by h6 and mate.} ) 23.Qf6 Qc7 24.Ne5 {With total domination. Black can resign with a clear conscience.} ) 20...f6 21.Be2 Rc5 22.Nd2 {White is a pawn up with an attack and better structure, so there's not much to complain about.} 22...Bb7 23.Rh4 $1 {[%c_effect h4;square;h4;type;GreatFind;persistent;true] The typical rook maneuver we've seen before in the analysis.} 23...e5 24.Ne4 Bxe4 25.Rxe4 Qe6 ( 25...Rd8 {is more stubborn.} ) 26.Qd2 Ra5 $6 {[%c_effect a5;square;a5;type;Inaccuracy;persistent;true] The final mistake.} ( 26...f5 27.Rh4 Ra5 ) 27.Rg4+ Kf7 ( 27...Kh8 28.Qd7 ) 28.h6 $1 Ng6 29.c5 $1 {[%c_effect c5;square;c5;type;GreatFind;persistent;true] A nice move, with the idea of bringing the white bishop to life and taking the rook out of the a7-pawn's defense.} 29...Rxc5 30.Qd7+ Qxd7 ( 30...Ne7 31.Rg7# ) 31.Rxd7+ Kg8 32.Rxa7 Rc1+ 33.Kd2 Rh1 34.Rb4 Rxh6 35.Rxb6 Rh2 36.Rbb7 {The a-pawn will soon decide the game, for instance:} ( 36.Rbb7 Rd8+ 37.Rd7 Rxd7+ 38.Rxd7 Rxg2 39.a4 {And nothing can stop this pawn from reaching the eighth rank.} ) 1-0